 Dungeon Crawl Stone Soup version 0.19.1-1-g22dce08 (console) character file.

26915 Kloppie the Fencer (level 13, -2/118 HPs)
             Began as a White Draconian Berserker on Jan 15, 2017.
             Was an Elder of Trog.
             Engulfed by a cloud of flame (20 damage)
             ... in a volcano.
             The game lasted 00:25:29 (16623 turns).

Kloppie the Fencer (White Draconian Berserker)     Turns: 16623, Time: 00:25:29

Health: -2/118     AC: 13    Str: 23    XL:     13   Next: 1%
Magic:  0/6        EV: 18    Int:  7    God:    Trog [****..]
Gold:   606        SH:  0    Dex: 17    Spells: 0 memorised, 12 levels left

rFire  . . .     SeeInvis +     a - +3 great sword (antimagic)
rCold  + . .     Gourm    .     (armour unavailable)
rNeg   . . .     Faith    .     (shield currently unavailable)
rPois  .         Spirit   +     (helmet restricted)
rElec  .         Reflect  .     (no cloak)
rCorr  +         Harm     .     h - +2 pair of gloves
MR     ++...                    y - +1 pair of boots {run}
Stlth  ++........               G - amulet of guardian spirit
                                K - ring of see invisible
                                D - ring of resist corrosion

@: regenerating, quick
A: breathe frost, unfitting armour, antennae 1, big wings, agile 1, cold
resistance 1, strong 1, cold-blooded, AC +8
a: Breathe Frost, Fly, Berserk, Trog's Hand, Brothers in Arms, Burn Spellbooks,
Renounce Religion


You were in a volcano.
You worshipped Trog.
Trog was greatly pleased with you.
You were very hungry.

You visited 2 branches of the dungeon, and saw 14 of its levels.
You also visited: Ice Cave and Volcano.

You collected 606 gold pieces.

Inventory:

Hand Weapons
 a - a +3 antimagic great sword (weapon)
 b - a +0 rapier
 w - a +0 long sword
 C - a +4 triple sword of holy wrath
Armour
 h - a +2 pair of gloves (worn)
 r - a +2 shield
 y - a +1 pair of boots of running (worn)
Jewellery
 D - a ring of resist corrosion (left hand)
 G - an amulet of guardian spirit (around neck)
 K - a ring of see invisible (right hand)
Wands
 o - a wand of lightning (2/15)
 A - a wand of disintegration (5/24)
 E - a wand of flame (21/48)
 H - a wand of iceblast (5/15)
 J - a wand of digging (8/24)
 L - a wand of paralysis (14/24)
Scrolls
 e - 3 scrolls of blinking
 f - 2 scrolls of fog
 k - 5 scrolls of recharging
 n - a scroll of fear
 s - 7 scrolls of enchant weapon
 u - 4 scrolls of teleportation
 v - a scroll of enchant armour
 B - 5 scrolls of remove curse
 F - 2 scrolls of noise
Potions
 c - 5 potions of curing
 i - 2 potions of magic
 m - a potion of resistance
 p - 5 potions of might
 x - 2 potions of cure mutation
 z - 2 potions of brilliance
 M - a potion of berserk rage
Books
 l - a book of Ice

   Spells                             Type                      Level
   a - Ice Form                       Ice/Transmutation            4
   b - Metabolic Englaciation         Hexes/Ice                    5
   c - Ozocubu's Refrigeration        Ice                          6
   d - Bolt of Cold                   Conjuration/Ice              6
   e - Freezing Cloud                 Conjuration/Ice/Air          6
   f - Simulacrum                     Ice/Necromancy               6
   Trog disapproves of the use of such an item.
Comestibles
 d - 10 bread rations
 j - 6 fruits
 t - 2 beef jerkies


   Skills:
 + Level 12.0 Fighting
 + Level 15.2 Long Blades
 - Level 8.1 Dodging
 - Level 8.2 Evocations


You had 12 spell levels left.
You didn't know any spells.

Dungeon Overview and Level Annotations

Branches:
Dungeon (11/15)            Temple (0/1) D:5            Lair (3/6) D:11
  Snake (0/4) Lair:2          Orc (0/2) D:10
  Swamp: Lair:2-4    Shoals: Lair:2-4

Altars:
Cheibriados
Elyvilon
Hepliaklqana
Makhleb
Okawaru
Qazlal
Ru
Sif Muna
Uskayaw
Yredelemnul


Innate Abilities, Weirdness & Mutations

You can breathe waves of freezing cold.
You can buffet flying creatures when you breathe cold.
Your icy white scales are hard. (AC +8)
You cannot fit into any form of body armour.
Your flesh is cold resistant. (rC+)
You are cold-blooded and may be slowed by cold attacks.
You have a pair of small antennae on your head.
Your large and strong wings let you fly indefinitely.
You are agile. (Dex +2)
Your muscles are strong. (Str +2)


Message History

You feel the effects of Trog's Hand fading.
You start resting.
You feel less exhausted.
You start resting.
Your skin stops crawling.
You feel less resistant to hostile enchantments.
You start resting.
The air gets thick with the scent of sulphur.
You start resting.
In the distance, the volcano erupts with a roar.
You are engulfed in roaring flames.
* * * LOW HITPOINT WARNING * * *
Your skin crawls.
You feel resistant to hostile enchantments.
You are feeling very hungry.
You are engulfed in roaring flames.
* * * LOW HITPOINT WARNING * * *
You start eating one of the 2 beef jerkies.
You are engulfed in roaring flames.
You die...

≈≈≈≈≈.
≈≈≈.≈O#
≈≈≈≈≈..
≈≈§.N
≈§{{
#N####
#)))##
####§#
#@§##
####


There were no monsters in sight!

Vanquished Creatures
  A frost giant (IceCv)
  Harold (Lair:1)
  A hydra (Lair:3)
  A hell hog (Volcano)
  The ghost of loom the Slicer, a novice KoBe of Trog (D:9)
  An unseen horror (D:11)
  2 hill giants (D:10)
  2 salamanders (Volcano)
  A black mamba (Lair:1)
  3 spiny frogs
  3 komodo dragons
  A rime drake (IceCv)
  A troll (D:10)
  14 polar bears (IceCv)
  2 two-headed ogres
  Grinder (D:4)
  A hornet (D:10)
  7 hippogriffs
  33 yaks
  4 fire bats
  4 hungry ghosts
  Menkaure (D:4)
  A naga (Lair:2)
  Duvessa (D:5)
  3 porcupines (Lair:2)
  5 water moccasins
  An ice beast (D:10)
  4 phantoms
  21 wolves
  A black bear (D:10)
  3 ogres
  A crocodile (Lair:1)
  2 centaurs
  Blork the orc (D:5)
  12 bullfrogs
  A big kobold (D:10)
  A gnoll sergeant (D:11)
  Dowan (D:5)
  5 scorpions
  3 troll zombies (D:10)
  A howler monkey (D:6)
  6 crimson imps
  3 bullfrog zombies
  2 centaur zombies
  A quasit (D:11)
  2 orc priests
  A hound (D:8)
  4 jellies
  A bullfrog skeleton (D:7)
  4 centaur skeletons
  3 iguanas
  13 orc wizards
  11 worker ants
  5 ogre zombies (D:10)
  A hound skeleton (D:11)
  Robin (D:4)
  11 adders
  20 gnolls
  2 howler monkey skeletons
  4 river rats (D:7)
  4 shadow imps
  2 adder zombies
  A worm (D:2)
  2 dart slugs (D:1)
  6 leopard geckos
  42 orcs
  A ball python (D:3)
  9 giant cockroaches
  13 goblins
  3 hobgoblins
  3 jackals (D:9)
  12 kobolds
  A quokka (D:3)
  5 bats
  3 frilled lizards
  2 goblin zombies (D:10)
  A hobgoblin skeleton (D:10)
  A hobgoblin zombie (D:10)
  A jackal skeleton (D:5)
  21 orc zombies (D:10)
  A quokka skeleton (D:5)
  A quokka zombie (D:6)
  10 rats
394 creatures vanquished.

Vanquished Creatures (collateral kills)
  A salamander (Volcano)
  3 polar bears (IceCv)
  A yak (IceCv)
5 creatures vanquished.

Vanquished Creatures (others)
  2 polar bears (IceCv)
  A two-headed ogre (Volcano)
  2 fungi (Lair:1)
  5 toadstools (D:1)
10 creatures vanquished.

Grand Total: 409 creatures vanquished

Notes
Turn   | Place    | Note
-------+----------+-------------------------------------------
     0 | D:1      | Kloppie the Draconian Berserker began the quest for the Orb.
     0 | D:1      | Reached XP level 1. HP: 19/19 MP: 1/1
   133 | D:1      | Reached XP level 2. HP: 26/26 MP: 2/2
   352 | D:1      | Reached XP level 3. HP: 23/33 MP: 3/3
   776 | D:2      | Reached skill level 4 in Long Blades
   779 | D:2      | Reached XP level 4. HP: 41/41 MP: 4/4
  1059 | D:2      | Reached ** piety under Trog
  1927 | D:3      | Reached skill level 5 in Fighting
  1927 | D:3      | Reached XP level 5. HP: 26/48 MP: 5/5
  2110 | D:3      | Reached skill level 5 in Long Blades
  2324 | D:3      | Found a faded altar of an unknown god.
  2399 | D:3      | Found an iron altar of Okawaru.
  2406 | D:3      | Reached XP level 6. HP: 57/57 MP: 6/6
  2784 | D:3      | Gained mutation: You have a pair of small horns on your head. [potion of mutation]
  2784 | D:3      | Gained mutation: Your large and strong wings let you fly indefinitely. [potion of mutation]
  2784 | D:3      | Gained mutation: You expend magic power (3 MP) to strengthen your wands. [potion of mutation]
  2816 | D:3      | Lost mutation: You have a pair of small horns on your head. [potion of cure mutation]
  2816 | D:3      | Lost mutation: You expend magic power (3 MP) to strengthen your wands. [potion of cure mutation]
  2990 | D:4      | Reached *** piety under Trog
  3226 | D:4      | Noticed Menkaure
  3234 | D:4      | Killed Menkaure
  3234 | D:4      | Reached skill level 6 in Long Blades
  3234 | D:4      | Your scales start taking on an icy white colour.
  3234 | D:4      | Reached XP level 7. HP: 47/64 MP: 7/7
  3234 | D:4      | Gained mutation: Your flesh is cold resistant. (rC+) [White Draconian growth]
  3607 | D:4      | Noticed Robin
  3628 | D:4      | Killed Robin
  3675 | D:4      | Noticed Grinder
  3684 | D:4      | Killed Grinder
  3949 | D:4      | Reached skill level 7 in Long Blades
  3991 | D:4      | Reached XP level 8. HP: 60/74 MP: 8/8
  4355 | D:4      | Received a gift from Trog
  4367 | D:4      | Gained mutation: You are agile. (Dex +2) [potion of mutation]
  4367 | D:4      | Gained mutation: Your muscles are strong. (Str +2) [potion of mutation]
  4367 | D:4      | Gained mutation: You have a pair of small antennae on your head. [potion of mutation]
  4369 | D:5      | Entered Level 5 of the Dungeon
  4369 | D:5      | Noticed Duvessa
  4603 | D:5      | Found a staircase to the Ecumenical Temple.
  4617 | D:5      | Noticed Blork the orc
  4625 | D:5      | Killed Blork the orc
  4725 | D:5      | Found a sacrificial altar of Ru.
  4786 | D:5      | Noticed Dowan
  4803 | D:5      | Killed Duvessa
  4803 | D:5      | Reached skill level 8 in Long Blades
  4810 | D:5      | Killed Dowan
  5274 | D:6      | Reached skill level 5 in Dodging
  5288 | D:6      | Identified a +1 pair of boots of running (You found it on level 6 of the Dungeon)
  5595 | D:6      | Reached **** piety under Trog
  5829 | D:7      | Found a snail-covered altar of Cheibriados.
  5869 | D:7      | Reached XP level 9. HP: 80/80 MP: 9/9
  5872 | D:7      | Reached skill level 9 in Long Blades
  6249 | D:7      | Found a white marble altar of Elyvilon.
  6325 | D:7      | Found a basalt altar of Yredelemnul.
  6421 | D:7      | Found a hazy altar of Hepliaklqana.
  6740 | D:8      | Identified Sif Muna's Volume of Displaced Darkness
  7003 | D:8      | Found a deep blue altar of Sif Muna.
  7017 | D:8      | Reached skill level 10 in Long Blades
  7400 | D:9      | Noticed loom's ghost (novice KoBe)
  7420 | D:9      | Killed loom's ghost
  7420 | D:9      | Reached XP level 10. HP: 88/88 MP: 10/10
  7553 | D:9      | Reached ***** piety under Trog
  7626 | D:9      | Found a stormy altar of Qazlal.
  7675 | D:9      | Reached skill level 1 in Evocations
  7698 | D:9      | Found a burning altar of Makhleb.
  8173 | D:10     | Entered Level 10 of the Dungeon
  8213 | D:10     | Found a staircase to the Orcish Mines.
  8322 | D:10     | Reached skill level 11 in Long Blades
  8385 | D:10     | Received a gift from Trog
  8552 | D:10     | Noticed a hill giant
  8565 | D:10     | Killed a hill giant
  8713 | D:10     | Paralysed by a hornet for 2 turns
  9319 | D:10     | Reached skill level 5 in Evocations
  9490 | D:10     | Noticed a hill giant
  9499 | D:10     | Killed a hill giant
  9782 | D:10     | Reached skill level 12 in Long Blades
  9786 | D:10     | Reached XP level 11. HP: 93/93 MP: 15/15
 10356 | D:11     | Found a staircase to the Lair.
 10362 | D:11     | Noticed an unseen horror
 10388 | D:11     | Killed an unseen horror
 10890 | Lair:1   | Entered Level 1 of the Lair of Beasts
 11061 | D:11     | Received a gift from Trog
 11279 | Lair:1   | Noticed Harold
 11389 | D:11     | Reached skill level 13 in Long Blades
 11808 | Lair:1   | Killed Harold
 13421 | Lair:2   | Found a frozen archway.
 13450 | IceCv    | Entered an ice cave
 13819 | IceCv    | Reached XP level 12. HP: 98/104 MP: 6/18
 13984 | IceCv    | Reached skill level 14 in Long Blades
 14017 | IceCv    | Received a gift from Trog
 14020 | IceCv    | Reached skill level 10 in Fighting
 14303 | IceCv    | Noticed a frost giant
 14334 | IceCv    | Killed a frost giant
 15553 | Lair:2   | Found a staircase to the Snake Pit.
 15810 | Lair:2   | Found a hide-covered altar of Uskayaw.
 16110 | Lair:2   | Identified a scroll of acquirement
 16242 | Lair:3   | Noticed a five-headed hydra
 16257 | Lair:3   | Killed a five-headed hydra
 16257 | Lair:3   | Reached skill level 15 in Long Blades
 16525 | Lair:3   | Found a dark tunnel.
 16536 | Volcano  | Entered a volcano
 16555 | Volcano  | Noticed a hell hog
 16570 | Volcano  | HP: 5/168 [something (7)]
 16571 | Volcano  | Killed a hell hog
 16571 | Volcano  | HP: 2/168 [something (4)]
 16595 | Volcano  | Reached XP level 13. HP: 11/118 MP: 0/19
 16623 | Volcano  | Engulfed by a cloud of flame

Skill      XL: |  1  2  3  4  5  6  7  8  9 10 11 12 |
---------------+-------------------------------------+-----
Fighting       | 4 5 6 7 9 12 | 12.0
Long Blades    | 4 5 6 7 8 10 12 13 15 | 15.2
Dodging        | 3 5 8 |  8.1
Evocations     | 6 8 |  8.2

Action                   |  1- 3 |  4- 6 |  7- 9 | 10-12 | 13-15 || total
-------------------------+-------+-------+-------+-------+-------++-------
Melee: Falchion          |    50 |   170 |   262 |       |       ||   482
       Tailslap          |     9 |    39 |    92 |   240 |       ||   380
       Long sword        |       |       |   201 |   645 |       ||   846
       Great sword       |       |       |       |   210 |       ||   210
       Rapier            |       |       |       |    11 |       ||    11
Invok: Berserk           |     2 |     5 |     5 |    14 |       ||    26
       Trog's Hand       |       |     2 |       |     8 |     1 ||    11
       Brothers in Arms  |       |       |       |     2 |       ||     2
 Abil: Breathe Frost     |       |       |     1 |     1 |       ||     2
Evoke: Wand              |       |       |       |     2 |       ||     2
  Use: Scroll            |       |     7 |     5 |     6 |       ||    18
       Potion            |       |     9 |     4 |     5 |       ||    18
 Stab: Sleeping          |     1 |     1 |     3 |     1 |       ||     6
       Distracted        |       |       |       |     2 |       ||     2
  Eat: Chunk             |       |    14 |    20 |    32 |       ||    66
       Meat ration       |       |       |       |     3 |       ||     3
       Royal jelly       |       |       |       |     1 |       ||     1
       Pizza             |       |       |       |     1 |       ||     1
Armor: Skin              |    10 |    53 |   136 |   271 |       ||   470
Dodge: Dodged            |    37 |   147 |   303 |   858 |       ||  1345
       Rpst.: Falchion   |    12 |    45 |    54 |       |       ||   111
       Long sword        |       |       |    44 |   156 |       ||   200
       Great sword       |       |       |       |    53 |       ||    53
